 Dungeon Crawl Stone Soup version 0.29-a0-753-gb7bb9d756e (webtiles) character file.

Game seed: 15294234746111188382

69 Ge0ff the Stinger (level 4, -1/25 HPs)
             Began as a Deep Elf Venom Mage on June 30, 2022.
             Killed from afar by Sigmund (5 damage)
             ... with a magic dart
             ... on level 2 of the Dungeon.
             The game lasted 00:07:49 (3487 turns).

Ge0ff the Stinger (Deep Elf Venom Mage)             Turns: 3487, Time: 00:07:50

Health: -1/25      AC:  2    Str:  5    XL:     4   Next: 2%
Magic:  1/11       EV: 12    Int: 26    God:
Gold:   63         SH:  0    Dex: 15    Spells: 4/10 levels left

rFire   . . .      SeeInvis .   a - +0 dagger
rCold   . . .      Faith    .   (no shield)
rNeg    . . .      Spirit   .   J - +0 robe
rPois   .          Reflect  .   (no helmet)
rElec   .          Harm     .   L - scarf {+Inv}
rCorr   .          Rampage  .   (no gloves)
Will    .....                   (no boots)
Stlth   ++........              (no amulet)
HPRegen 0.08/turn               X - ring of Paqecon {Fly Int+4, =R}
MPRegen 0.12/turn               (no ring)

@: flying
A: no striking features
a: Evoke Invisibility


You were on level 2 of the Dungeon.
You visited 1 branch of the dungeon, and saw 2 of its levels.

You collected 63 gold pieces.

Inventory:

Hand Weapons
 a - a +0 dagger (weapon)
Missiles
 P - 6 boomerangs
 Z - 3 poisoned darts
Armour
 J - a +0 robe (worn)
 L - a scarf of invisibility (worn)
Jewellery
 X - the ring of Paqecon (left hand) {Fly Int+4, =R}
   (You found it on level 2 of the Dungeon)

   [ring of flight]

   Int:       It affects your intelligence (+4).
   Fly:       It grants you flight.
Wands
 f - a wand of flame (19)
Potions
 K - a potion of magic {!q}
 N - a potion of cancellation {!q}
 Q - a potion of curing {unknown}
 R - a potion of might {unknown}
 S - a potion of attraction {unknown}
 T - 2 potions of lignification {unknown}
 U - a potion of brilliance {unknown}
 W - a potion of haste {unknown}


   Skills:
 - Level 1.0 Fighting
 - Level 2.4 Dodging
 - Level 2.4 Stealth
 + Level 3.6 Spellcasting
 + Level 1.2 Conjurations
 + Level 1.8 Transmutations
 + Level 0.6 Fire Magic
 + Level 1.3 Air Magic
 + Level 3.6 Poison Magic


You had 4 spell levels left.
You knew the following spells:

 Your Spells              Type           Power      Damage    Failure   Level
i - Ignite Poison         Fire/Tmut/Pois 15%        N/A       12%         3
k - Sting                 Tmut/Pois      76%        1d6       3%          1
C - Poisonous Vapours     Pois/Air       34%        N/A       4%          2

Your spell library contained the following spells:

 Spells                   Type           Power      Damage    Failure   Level
 Mephitic Cloud           Conj/Pois/Air  15%        N/A       12%         3
 Conjure Flame            Conj/Fire      9%         6-21      19%         3
 Olgreb's Toxic Radiance  Pois           23%        N/A       21%         4
 Sticky Flame             Conj/Fire      9%         2d3       52%         4


Dungeon Overview and Level Annotations

Branches:
Dungeon (2/15) Zot: 8513

Altars:
Nemelex Xobeh

Annotations:
D:2 Sigmund


Message History

The puff of flame hits Sigmund.
Sigmund resists.
Sigmund is almost dead.
Aiming: Throw Flame
Press: ? - help, Shift-Dir - straight line, f/p - Sigmund
Aim: Sigmund, wielding a +5 scythe of protection and wearing a +2 robe of fire resistance (almost dead, 64% to hit)
The puff of flame misses Sigmund.
Sigmund closely misses you.
Aiming: Throw Flame
Press: ? - help, Shift-Dir - straight line, f/p - Sigmund
Aim: Sigmund, wielding a +5 scythe of protection and wearing a +2 robe of fire resistance (almost dead, 64% to hit)
The puff of flame hits Sigmund but does no damage.
Sigmund is almost dead.
Sigmund hits you from afar with a +5 scythe of protection.
Aiming: Throw Flame
Press: ? - help, Shift-Dir - straight line, f/p - Sigmund
Aim: Sigmund, wielding a +5 scythe of protection and wearing a +2 robe of fire resistance (almost dead, 64% to hit)
The puff of flame misses Sigmund.
Aiming: Throw Flame
Press: ? - help, Shift-Dir - straight line, f/p - Sigmund
Aim: Sigmund, wielding a +5 scythe of protection and wearing a +2 robe of fire resistance (almost dead, 64% to hit)
The puff of flame hits Sigmund but does no damage.
Sigmund is almost dead.
Sigmund points at you and mumbles some strange words.
The magic dart hits you.
Aiming: Throw Flame
Press: ? - help, Shift-Dir - straight line, f/p - Sigmund
Aim: Sigmund, wielding a +5 scythe of protection and wearing a +2 robe of fire resistance (almost dead, 64% to hit)
The puff of flame hits Sigmund but does no damage.
Sigmund is almost dead.
Sigmund barely misses you.
Aiming: Throw Flame
Press: ? - help, Shift-Dir - straight line, f/p - Sigmund
Aim: Sigmund, wielding a +5 scythe of protection and wearing a +2 robe of fire resistance (almost dead, 64% to hit)
The puff of flame hits Sigmund but does no damage.
Sigmund is almost dead.
Sigmund casts a spell at you. The puff of flame hits you!
* * * LOW HITPOINT WARNING * * *
As you read the scroll of fear, it crumbles to dust.
You assume a fearsome visage.
Sigmund looks frightened!
Sigmund mumbles some strange words.
Sigmund flickers and vanishes!
Deactivating autopickup; reactivate with Ctrl-A.
Something tries to affect you, but you resist.
Okay, then.
Aiming: Throw Flame
Press: ? - help, Shift-Dir - straight line The puff of flame hits something but does no damage.
A magic dart appears from out of thin air!
The magic dart hits you.
You die...

#....................##
#.##♣P♣P♣P8P♣P♣P♣###.#
#.############### #.#
#.##.###.......# #+##
#............### #...##
###########.## #.?...#
####...####.......
#.......##.........##
#...@....'.{.......+.
#.#...####.........##
#.##.## ##.......
#.#### #.....# #.#
#...## #.# #+## #.#####
#.# #.#...## #.#
#......## ##.##


There were no monsters in sight!

Vanquished Creatures
  3 adders (D:2)
  A worm (D:2)
  2 endoplasms (D:1)
  2 giant cockroaches (D:2)
  A goblin (D:1)
  2 hobgoblins (D:1)
  3 jackals (D:1)
  4 kobolds
  4 quokkas
  6 ball pythons (D:1)
  5 bats
  A frilled lizard (D:1)
  4 rats
38 creatures vanquished.

Notes
Turn   | Place    | Note
-------+----------+-------------------------------------------
     0 | D:1      | Ge0ff the Deep Elf Venom Mage began the quest for the Orb.
     0 | D:1      | Reached XP level 1. HP: 10/10 MP: 6/6
   330 | D:1      | Reached skill level 1 in Fighting
   524 | D:1      | Reached XP level 2. HP: 16/16 MP: 5/8
   651 | D:1      | Learned a level 2 spell: Poisonous Vapours
  1995 | D:2      | Reached skill level 1 in Air Magic
  1995 | D:2      | Reached XP level 3. HP: 20/20 MP: 1/9
  2001 | D:2      | Learned a level 3 spell: Ignite Poison
  2331 | D:2      | Reached skill level 1 in Conjurations
  2637 | D:2      | Identified the ring of Paqecon {Fly Int+4}
  2925 | D:2      | Found a sparkling altar of Nemelex Xobeh.
  3205 | D:2      | Reached XP level 4. HP: 25/25 MP: 1/11
  3364 | D:2      | Noticed Sigmund
  3406 | D:2      | Found a faded altar of an unknown god.
  3487 | D:2      | Killed from afar by Sigmund

Illustrated notes

Levels and vault maps discovered:
D:1:      lemuel_arrival_broad_hall, layout_basic, feat_on_display
D:2:      layout_loops_corners, dilly_ecumenical_altar_fadedgnrine, basic_altar,
          dreamdust_princess_corridor, uniq_sigmund

Skill      XL: |  1  2  3 |
---------------+----------+-----
Fighting       | 1 |  1.0
Air Magic      | 1 |  1.3
Conjurations   | 1 |  1.2
Dodging        | |  2.4
Stealth        | |  2.4
Spellcasting   | |  3.6
Transmutations | |  1.8
Fire Magic     | |  0.6
Poison Magic   | |  3.6

Action                   |  1- 3 |  4- 6 || total
-------------------------+-------+-------++-------
Melee: Dagger            |    11 |       ||    11
 Cast: Sting             |    69 |       ||    69
       Poisonous Vapours |    20 |     3 ||    23
       Ignite Poison     |       |     2 ||     2
Evoke: Wand              |       |     8 ||     8
  Use: Scroll            |       |     4 ||     4
       Potion            |       |     1 ||     1
Armor: Robe              |    12 |       ||    12
Dodge: Dodged            |    39 |     2 ||    41

Table legend: (Time is in decaauts)
 A = Elapsed time spent in this place.
 B = Non-inter-level travel time spent in this place.
 C = Inter-level travel time spent in this place.
 D = Time resting spent in this place.
 E = Time spent auto-exploring this place.
 F = Levels seen in this place.
 G = Mean time per level.
                   A        B        C        D        E       F      G
               +--------+--------+--------+--------+--------+-----+--------+
         Total |   3485 |   3468 |     17 |      2 |   3140 |   2 | 1742.5 |
       Dungeon |   3485 |   3468 |     17 |      2 |   3140 |   2 | 1742.5 |
               +--------+--------+--------+--------+--------+-----+--------+

Top non-repeatable levels by time:
     D:1: 1840 daAuts
     D:2: 1645 daAuts
